Sabres vs Lightning

Created - April 15, 2024 at 22:00

Goals
1 2 3 T
Sabres 1 0 1 2
Lightning 0 4 0 4
Shots
1 2 3 T
Sabres 21 7 14 42
Lightning 6 13 8 27

1st period

1. Sabres , Drew Doughty 17 (Evan Bouchard 37, Nazem Kadri 31) at 2:19 (PP)

Penalties :
Nick Bjugstad (TBL) for Interference (Minor) at 0:58, Dylan Cozens (BUF) for Hooking (Minor) at 8:39

2nd period

2. Lightning , Victor Olofsson 14 (Mathew Barzal 51, Marcus Pettersson 22) at 1:09
3. Lightning , Mathew Barzal 21 (Victor Olofsson 15, Owen Power 35) at 3:39
4. Lightning , Dylan Strome 13 (Victor Olofsson 16, Matt Duchene 29) at 9:13 (PP)
5. Lightning , Brayden Point 51 (Mathew Barzal 52, Jamie Benn 30) at 12:51 (PP)

Penalties :
Ivan Barbashev (BUF) for Holding (Minor) at 8:27, Kris Letang (BUF) for Hooking (Minor) at 11:30

3rd period

6. Sabres , Kris Letang 19 (Gabriel Vilardi 30, Drew Doughty 52) at 7:27

Penalties :
Evgeni Malkin (BUF) for Tripping (Minor) at 13:16, Evgeni Malkin (BUF) for Hooking (Minor) at 18:56

Goalie Stats

Alexandar Georgiev (BUF), 23 saves from 27 shots - (0.852), L, 47-13-5, 60:00 minutes
Pavel Francouz (TBL), 40 saves from 42 shots - (0.952), W, 12-7-3, 60:00 minutes

Players Stats for Sabres

Player Name              G  A  P  +/- PIM S  H  SB GA TA FO     MP     PP MP  PK MP  
------------------------------------------------------------------------------------
Connor Murphy            0  0  0  -1  0   2  2  4  0  0  0/0    19:28   0:00   3:39 
Dawson Mercer            0  0  0   0  0   3  1  0  0  0  0/2    17:16   0:31   0:00 
Drew Doughty             1  1  2   0  0   2  3  1  0  0  0/0    19:30   0:31   3:39 
Dylan Cozens             0  0  0   0  2   2  2  0  0  0  0/0    17:34   0:50   0:00 
Dylan Larkin             0  0  0   0  0   2  1  0  0  0  15/23  17:35   0:50   0:00 
Evan Bouchard            0  1  1   0  0   2  1  0  0  0  0/0    20:53   0:31   0:00 
Evgeni Malkin            0  0  0   1  4   7  1  0  0  0  8/16   15:32   0:50   0:00 
Gabriel Vilardi          0  1  1   1  0   3  1  0  0  0  0/3    15:34   0:50   0:00 
Ivan Barbashev           0  0  0   1  2   5  2  0  0  0  0/0    14:43   0:00   0:00 
Jack McBain              0  0  0   0  0   0  3  1  0  0  0/0    11:01   0:00   3:39 
Josh Anderson            0  0  0  -2  0   2  0  0  0  0  0/0    13:11   0:31   0:00 
Josh Manson              0  0  0  -1  0   3  3  0  0  0  0/0    19:18   0:00   3:29 
Kris Letang              1  0  1   0  2   2  5  2  0  0  0/0    21:07   0:50   0:24 
Nazem Kadri              0  1  1  -2  0   1  0  0  0  0  11/21  16:50   0:31   3:39 
Nicolas Roy              0  0  0   0  0   4  0  0  0  0  1/2    10:51   0:00   3:29 
Paul Cotter              0  0  0  -2  0   1  2  0  0  0  0/1    12:40   0:00   0:00 
Ryan McDonagh            0  0  0   0  0   0  0  2  0  0  0/0    18:53   0:00   3:05 
Tomas Nosek              0  0  0   0  0   1  0  0  0  0  10/13  10:51   0:00   3:29 

Players Stats for Lightning

Player Name              G  A  P  +/- PIM S  H  SB GA TA FO     MP     PP MP  PK MP  
------------------------------------------------------------------------------------
Andrew Peeke             0  0  0   0  0   2  3  1  0  0  0/0    18:55   0:00   0:41 
Brayden Point            1  0  1   0  0   5  0  0  0  0  9/17   18:24   3:43   0:00 
Charlie Coyle            0  0  0   2  0   0  1  1  0  0  9/18   14:45   0:00   0:50 
Dylan Strome             1  0  1   0  0   2  0  0  0  0  7/16   16:05   3:25   0:00 
Eeli Tolvanen            0  0  0   0  0   1  0  0  0  0  2/4    16:41   3:30   0:31 
Jake Sanderson           0  0  0   0  0   0  1  3  0  0  0/0    18:55   0:00   0:41 
Jakub Voracek            0  0  0  -1  0   2  0  0  0  0  0/0    13:08   3:38   0:00 
Jamie Benn               0  1  1   0  0   2  1  0  0  0  0/0    18:24   3:43   0:00 
Jan Rutta                0  0  0   1  0   3  3  0  0  0  0/0    17:12   0:00   0:40 
Marcus Pettersson        0  1  1   1  0   0  2  0  0  0  0/0    20:02   3:30   0:00 
Mathew Barzal            1  2  3   2  0   3  1  0  0  0  2/6    17:04   3:09   0:00 
Matt Duchene             0  1  1   0  0   0  0  1  0  0  0/0    17:47   3:06   0:00 
Morgan Geekie            0  0  0  -1  0   1  0  0  0  0  6/16   10:46   0:00   0:31 
Nathan Beaulieu          0  0  0   0  0   0  2  1  0  0  0/0    17:25   0:00   0:40 
Nick Bjugstad            0  0  0   0  2   2  1  0  0  0  1/2    14:17   0:53   0:00 
Owen Power               0  1  1   0  0   0  4  1  0  0  0/0    20:23   3:38   0:00 
Victor Olofsson          1  2  3   2  0   2  0  0  0  0  0/2    17:20   3:25   0:00 
Zach Parise              0  0  0  -1  0   2  1  0  0  0  0/0    11:05   0:00   0:50 

3 Stars

1 - Mathew Barzal (TBL)
2 - Victor Olofsson (TBL)
3 - Pavel Francouz (TBL)

Power Play

Sabres - 1 on 1 Attempt(s) - 100.00%
Lightning - 2 on 5 Attempt(s) - 40.00%

Penalty Kill

Sabres - 3 on 5 Attempt(s) - 60.00% - Score 0 goal in Penalty Kill
Lightning - 0 on 1 Attempt(s) - 0.00% - Score 0 goal in Penalty Kill

Team Stat

Sabres - Hits : 27 - Faceoff Wins : 45 - Blocked Shots : 10 - Penalty Minutes : 10
Lightning - Hits : 20 - Faceoff Wins : 36 - Blocked Shots : 8 - Penalty Minutes : 2

Official

Referees : Steve Kozari and Michael Markovic
Linesman : Devin Berg and Brad Kovachik

Game Notes

No Game Note

Finance

Level 1 -- Attendance: 6000 (100.00%) -- Ticket Income $510,000
Level 2 -- Attendance: 5000 (100.00%) -- Ticket Income $225,000
Level 3 -- Attendance: 2000 (100.00%) -- Ticket Income $80,000
Level 4 -- Attendance: 4000 (100.00%) -- Ticket Income $140,000
Luxury Box -- Attendance: 1000 (100.00%) -- Ticket Income $100,000
Game was played at the St. Pete Times Forum.
Total Attendance: 18000 (100.00%)
Total Ticket Income: $1,055,000
Other Income: $516,950
Total Income: $1,571,950

Sabres

5 vs 5 Forward 
   Center                   Left Wing                Right Wing               Time % Phy DF OF 
 1 Dylan Larkin             Dylan Cozens             Dawson Mercer            31     0   1  4  
 2 Evgeni Malkin            Ivan Barbashev           Gabriel Vilardi          29     0   1  4  
 3 Nazem Kadri              Paul Cotter              Josh Anderson            25     1   2  2  
 4 Tomas Nosek              Jack McBain              Nicolas Roy              15     1   3  1  

5 vs 5 Defense 
   Defense                  Defense                                           Time % Phy DF OF 
 1 Drew Doughty             Kris Letang                                       30     1   3  1  
 2 Ryan McDonagh            Evan Bouchard                                     30     1   3  1  
 3 Connor Murphy            Josh Manson                                       30     1   3  1  
 4 Evan Bouchard            Kris Letang                                       10     0   1  4  

PowerPlay Forward 
   Center                   Left Wing                Right Wing               Time % Phy DF OF 
 1 Dylan Larkin             Dylan Cozens             Gabriel Vilardi          55     1   0  4  
 2 Nazem Kadri              Josh Anderson            Dawson Mercer            45     1   0  4  

PowerPlay Defense
   Defense                  Defense                                           Time % Phy DF OF 
 1 Evgeni Malkin            Kris Letang                                       55     1   1  3  
 2 Drew Doughty             Evan Bouchard                                     45     1   1  3  

Penalty Kill 4 Players Forward 
   Center                   Wing                     Time % Phy DF OF 
 1 Tomas Nosek              Nicolas Roy              50     1   4  0  
 2 Nazem Kadri              Jack McBain              50     2   3  0  

Penalty Kill 4 Players Defense
   Defense                  Defense                  Time % Phy DF OF 
 1 Ryan McDonagh            Josh Manson              50     0   5  0  
 2 Connor Murphy            Drew Doughty             50     0   5  0  

Penalty Kill - 3 Players Forward 
   Forward                                           Time % Phy DF OF 
 1 Tomas Nosek                                       50     1   4  0  
 2 Nazem Kadri                                       50     2   3  0  

Penalty Kill - 3 Players Defense
   Defense                  Defense                  Time % Phy DF OF 
 1 Ryan McDonagh            Josh Manson              50     0   5  0  
 2 Connor Murphy            Drew Doughty             50     0   5  0  

4 vs 4 Forward 
   Center                   Wing                     Time % Phy DF OF 
 1 Dylan Larkin             Dylan Cozens             50     1   0  4  
 2 Nazem Kadri              Gabriel Vilardi          50     1   0  4  

4 vs 4 Defense
   Defense                  Defense                  Time % Phy DF OF 
 1 Evgeni Malkin            Kris Letang              50     1   1  3  
 2 Drew Doughty             Evan Bouchard            50     1   1  3  

Last Minutes Offensive
   Center                   Left Wing                Right Wing               Defense                  Defense                  
   Dylan Larkin             Dylan Cozens             Evgeni Malkin            Drew Doughty             Kris Letang              

Last Minutes Defensive
   Center                   Left Wing                Right Wing               Defense                  Defense                  
   Tomas Nosek              Jack McBain              Nicolas Roy              Ryan McDonagh            Josh Manson              

Goaltenders
Starting : Alexandar Georgiev       
Backup : Marc-Andre Fleury        

Extra Forwards
Normal : Nazem Kadri, Dylan Larkin, Dylan Cozens - PP : Nazem Kadri, Dylan Larkin - PK : Dylan Larkin
Extra Defensemen
Normal : Drew Doughty, Kris Letang, Evan Bouchard - PP : Ryan McDonagh - PK : Kris Letang, Ryan McDonagh
Penalty Shots
Nicolas Roy, Gabriel Vilardi, Evgeni Malkin, Kris Letang, Nazem Kadri
Custom OT Lines Forwards
Dylan Larkin, Dylan Cozens, Evgeni Malkin, Gabriel Vilardi, Nazem Kadri, Ivan Barbashev, Dawson Mercer, Nicolas Roy, Tomas Nosek, Paul Cotter
Custom OT Lines Defensemen
Drew Doughty, Kris Letang, Ryan McDonagh, Josh Manson, Evan Bouchard

Scratches
Jarred Tinordi (Healthy), Ian Mitchell (Healthy), Drew O'Connor (Healthy)

Lightning

5 vs 5 Forward 
   Center                   Left Wing                Right Wing               Time % Phy DF OF 
 1 Brayden Point            Jamie Benn               Matt Duchene             28     1   2  2  
 2 Charlie Coyle            Victor Olofsson          Mathew Barzal            27     1   2  2  
 3 Dylan Strome             Eeli Tolvanen            Nick Bjugstad            25     1   2  2  
 4 Morgan Geekie            Zach Parise              Jakub Voracek            20     1   2  2  

5 vs 5 Defense 
   Defense                  Defense                                           Time % Phy DF OF 
 1 Andrew Peeke             Jake Sanderson                                    34     1   2  2  
 2 Marcus Pettersson        Jan Rutta                                         33     1   2  2  
 3 Owen Power               Nathan Beaulieu                                   33     1   2  2  
 4 Andrew Peeke             Jake Sanderson                                    0      1   2  2  

PowerPlay Forward 
   Center                   Left Wing                Right Wing               Time % Phy DF OF 
 1 Mathew Barzal            Jamie Benn               Brayden Point            60     0   0  5  
 2 Dylan Strome             Victor Olofsson          Matt Duchene             40     0   0  5  

PowerPlay Defense
   Defense                  Defense                                           Time % Phy DF OF 
 1 Jakub Voracek            Owen Power                                        60     0   0  5  
 2 Eeli Tolvanen            Marcus Pettersson                                 40     0   0  5  

Penalty Kill 4 Players Forward 
   Center                   Wing                     Time % Phy DF OF 
 1 Charlie Coyle            Zach Parise              60     0   5  0  
 2 Nick Bjugstad            Morgan Geekie            40     0   5  0  

Penalty Kill 4 Players Defense
   Defense                  Defense                  Time % Phy DF OF 
 1 Andrew Peeke             Jake Sanderson           60     0   5  0  
 2 Nathan Beaulieu          Jan Rutta                40     0   5  0  

Penalty Kill - 3 Players Forward 
   Forward                                           Time % Phy DF OF 
 1 Charlie Coyle                                     60     0   5  0  
 2 Nick Bjugstad                                     40     0   5  0  

Penalty Kill - 3 Players Defense
   Defense                  Defense                  Time % Phy DF OF 
 1 Andrew Peeke             Jake Sanderson           60     0   5  0  
 2 Nathan Beaulieu          Jan Rutta                40     0   5  0  

4 vs 4 Forward 
   Center                   Wing                     Time % Phy DF OF 
 1 Brayden Point            Jamie Benn               60     1   2  2  
 2 Charlie Coyle            Matt Duchene             40     1   2  2  

4 vs 4 Defense
   Defense                  Defense                  Time % Phy DF OF 
 1 Andrew Peeke             Jake Sanderson           60     1   2  2  
 2 Marcus Pettersson        Jan Rutta                40     1   2  2  

Last Minutes Offensive
   Center                   Left Wing                Right Wing               Defense                  Defense                  
   Brayden Point            Jamie Benn               Matt Duchene             Andrew Peeke             Jake Sanderson           

Last Minutes Defensive
   Center                   Left Wing                Right Wing               Defense                  Defense                  
   Brayden Point            Jamie Benn               Matt Duchene             Andrew Peeke             Jake Sanderson           

Goaltenders
Starting : Pavel Francouz           
Backup : Kevin Lankinen           

Extra Forwards
Normal : Dylan Strome, Nick Bjugstad, Eeli Tolvanen - PP : Dylan Strome, Nick Bjugstad - PK : Eeli Tolvanen
Extra Defensemen
Normal : Owen Power, Nathan Beaulieu, Marcus Pettersson - PP : Owen Power - PK : Nathan Beaulieu, Marcus Pettersson
Penalty Shots
Brayden Point, Jamie Benn, Matt Duchene, Charlie Coyle, Mathew Barzal
Custom OT Lines Forwards
Brayden Point, Jamie Benn, Matt Duchene, Charlie Coyle, Mathew Barzal, Zach Parise, Dylan Strome, Nick Bjugstad, Eeli Tolvanen, Jakub Voracek
Custom OT Lines Defensemen
Andrew Peeke, Jake Sanderson, Marcus Pettersson, Jan Rutta, Owen Power

Scratches
Alexis Lafreniere (Healthy), Timothy Liljegren (Healthy)

% Time on Ice - Sabres

Lines # - Real PCT - Wanted PCT - Time Play
Normal Forward
1 - 33% - 31% - 16:45
2 - 29% - 29% - 14:44
3 - 25% - 25% - 12:40
4 - 14% - 15% - 7:22
Normal Defense
1 - 30% - 30% - 15:20
2 - 31% - 30% - 15:48
3 - 31% - 30% - 15:49
4 - 9% - 10% - 4:34
PP Forward
1 - 62% - 55% - 0:50
2 - 38% - 45% - 0:31
PP Defense
1 - 62% - 55% - 0:50
2 - 38% - 45% - 0:31
PK Forward
1 - 49% - 50% - 3:29
2 - 51% - 50% - 3:39
PK Defense
1 - 49% - 50% - 3:29
2 - 51% - 50% - 3:39
PK3 Forward
1 - 0% - 50%
2 - 0% - 50%
PK3 Defense
1 - 0% - 50%
2 - 0% - 50%
44 Forward
1 - 0% - 50%
2 - 0% - 50%
44 Defense
1 - 0% - 50%
2 - 0% - 50%
Last Minute Offensive  - 0:00
Last Minute Defensive  - 0:00
Total
Forward - 60:00
Defense - 60:00

% Time on Ice - Lightning

Lines # - Real PCT - Wanted PCT - Time Play
Normal Forward
1 - 29% - 28% - 14:41
2 - 27% - 27% - 13:55
3 - 25% - 25% - 12:40
4 - 20% - 20% - 10:15
Normal Defense
1 - 35% - 34% - 18:14
2 - 32% - 33% - 16:32
3 - 33% - 33% - 16:45
4 - 0% - 0% - 0:00
PP Forward
1 - 52% - 60% - 3:43
2 - 48% - 40% - 3:25
PP Defense
1 - 51% - 60% - 3:38
2 - 49% - 40% - 3:30
PK Forward
1 - 62% - 60% - 0:50
2 - 38% - 40% - 0:31
PK Defense
1 - 51% - 60% - 0:41
2 - 49% - 40% - 0:40
PK3 Forward
1 - 0% - 60%
2 - 0% - 40%
PK3 Defense
1 - 0% - 60%
2 - 0% - 40%
44 Forward
1 - 0% - 60%
2 - 0% - 40%
44 Defense
1 - 0% - 60%
2 - 0% - 40%
Last Minute Offensive  - 0:00
Last Minute Defensive  - 0:00
Total
Forward - 60:00
Defense - 60:00

Play-by-Play

1st period


0:01 of 1st period - Brayden Point wins face-off versus Dylan Larkin in neutral zone.
0:11 of 1st period - Icing by Drew Doughty.
0:12 of 1st period - Charlie Coyle wins face-off versus Dylan Larkin in Sabres zone.
0:28 of 1st period - Icing by Jan Rutta.
0:29 of 1st period - Charlie Coyle wins face-off versus Evgeni Malkin in Lightning zone.
0:34 of 1st period - Ryan McDonagh is hit by Mathew Barzal.
0:38 of 1st period - Shot by Evgeni Malkin.
0:38 of 1st period - Stopped by Pavel Francouz without a rebound.
0:39 of 1st period - Nazem Kadri wins face-off versus Dylan Strome in Lightning zone.
0:40 of 1st period - Shot by Josh Anderson.
0:40 of 1st period - Shot Misses the Net.
0:49 of 1st period - Icing by Nathan Beaulieu.
0:50 of 1st period - Dylan Strome wins face-off versus Tomas Nosek in Lightning zone.
0:58 of 1st period - Minor Penalty to Nick Bjugstad for Interference.
0:59 of 1st period - Dylan Larkin wins face-off versus Charlie Coyle in Lightning zone.
1:00 of 1st period - Shot by Evgeni Malkin.
1:00 of 1st period - Deflect By Dylan Larkin.
1:00 of 1st period - Stopped by Pavel Francouz without a rebound.
1:01 of 1st period - Charlie Coyle wins face-off versus Gabriel Vilardi in Lightning zone.
1:12 of 1st period - Shot by Evgeni Malkin.
1:12 of 1st period - Shot Misses the Net.
1:14 of 1st period - Shot by Evgeni Malkin.
1:14 of 1st period - Stopped by Pavel Francouz with a rebound.
1:16 of 1st period - Shot by Kris Letang.
1:16 of 1st period - Shot Blocked by Nathan Beaulieu.
1:21 of 1st period - Dylan Larkin is hit by Jan Rutta and loses puck.
1:30 of 1st period - Shot by Dylan Cozens.
1:30 of 1st period - Stopped by Pavel Francouz without a rebound.
1:31 of 1st period - Nazem Kadri wins face-off versus Eeli Tolvanen in Lightning zone.
1:47 of 1st period - Off-side.
1:48 of 1st period - Charlie Coyle wins face-off versus Dylan Larkin in neutral zone.
1:51 of 1st period - Evgeni Malkin is hit by Zach Parise and loses puck.
2:05 of 1st period - Shot by Evgeni Malkin.
2:05 of 1st period - Stopped by Pavel Francouz without a rebound.
2:06 of 1st period - Eeli Tolvanen wins face-off versus Dawson Mercer in Lightning zone.
2:17 of 1st period - Shot by Evan Bouchard.
2:17 of 1st period - Stopped by Pavel Francouz with a rebound.
2:19 of 1st period - Shot by Drew Doughty.
2:19 of 1st period - Goal by Drew Doughty - Sabres : 1 - Lightning : 0.
2:20 of 1st period - Evgeni Malkin wins face-off versus Brayden Point in neutral zone.
2:42 of 1st period - Shot by Gabriel Vilardi.
2:42 of 1st period - Stopped by Pavel Francouz with a rebound.
2:46 of 1st period - Shot by Ivan Barbashev.
2:46 of 1st period - Stopped by Pavel Francouz with a rebound.
2:48 of 1st period - Shot by Gabriel Vilardi.
2:48 of 1st period - Shot Misses the Net.
2:50 of 1st period - Shot by Connor Murphy.
2:50 of 1st period - Shot Blocked by Jake Sanderson.
2:56 of 1st period - Shot by Evgeni Malkin.
2:56 of 1st period - Stopped by Pavel Francouz with a rebound.
2:58 of 1st period - Shot by Connor Murphy.
2:58 of 1st period - Stopped by Pavel Francouz without a rebound.
2:59 of 1st period - Morgan Geekie wins face-off versus Nazem Kadri in Lightning zone.
3:01 of 1st period - Icing by Owen Power.
3:02 of 1st period - Nazem Kadri wins face-off versus Morgan Geekie in Lightning zone.
3:06 of 1st period - Icing by Owen Power.
3:07 of 1st period - Dylan Larkin wins face-off versus Morgan Geekie in Lightning zone.
3:11 of 1st period - Dawson Mercer is hit by Owen Power and loses puck.
3:29 of 1st period - Owen Power is hit by Evan Bouchard and loses puck.
3:36 of 1st period - Owen Power is hit by Dylan Cozens and loses puck.
3:42 of 1st period - Icing by Nathan Beaulieu.
3:43 of 1st period - Nazem Kadri wins face-off versus Morgan Geekie in Lightning zone.
3:58 of 1st period - Shot by Nazem Kadri.
3:58 of 1st period - Shot Misses the Net.
4:37 of 1st period - Dylan Strome is hit by Kris Letang and loses puck.
5:05 of 1st period - Icing by Connor Murphy.
5:06 of 1st period - Charlie Coyle wins face-off versus Evgeni Malkin in Sabres zone.
5:13 of 1st period - Shot by Evgeni Malkin.
5:13 of 1st period - Stopped by Pavel Francouz without a rebound.
5:14 of 1st period - Tomas Nosek wins face-off versus Charlie Coyle in Lightning zone.
5:17 of 1st period - Shot by Nicolas Roy.
5:17 of 1st period - Stopped by Pavel Francouz without a rebound.
5:18 of 1st period - Tomas Nosek wins face-off versus Victor Olofsson in Lightning zone.
5:18 of 1st period - Tomas Nosek is hit by Andrew Peeke.
5:27 of 1st period - Jack McBain is hit by Andrew Peeke and loses puck.
5:46 of 1st period - Shot by Tomas Nosek.
5:46 of 1st period - Shot Misses the Net.
5:48 of 1st period - Shot by Evan Bouchard.
5:48 of 1st period - Shot Misses the Net.
5:50 of 1st period - Shot by Tomas Nosek.
5:50 of 1st period - Stopped by Pavel Francouz without a rebound.
5:51 of 1st period - Dylan Larkin wins face-off versus Brayden Point in Lightning zone.
6:21 of 1st period - Dawson Mercer is hit by Marcus Pettersson and loses puck.
6:43 of 1st period - Icing by Marcus Pettersson.
6:44 of 1st period - Brayden Point wins face-off versus Gabriel Vilardi in Lightning zone.
8:00 of 1st period - Shot by Josh Anderson.
8:00 of 1st period - Stopped by Pavel Francouz without a rebound.
8:01 of 1st period - Nicolas Roy wins face-off versus Morgan Geekie in Lightning zone.
8:04 of 1st period - Shot by Jack McBain.
8:04 of 1st period - Shot Blocked by Jake Sanderson.
8:06 of 1st period - Shot by Jack McBain.
8:06 of 1st period - Shot Misses the Net.
8:24 of 1st period - Shot by Nicolas Roy.
8:24 of 1st period - Shot Blocked by Andrew Peeke.
8:26 of 1st period - Shot by Josh Manson.
8:26 of 1st period - Stopped by Pavel Francouz without a rebound.
8:27 of 1st period - Dylan Larkin wins face-off versus Charlie Coyle in Lightning zone.
8:39 of 1st period - Minor Penalty to Dylan Cozens for Hooking.
8:40 of 1st period - Nazem Kadri wins face-off versus Mathew Barzal in Sabres zone.
8:40 of 1st period - Nazem Kadri is hit by Jamie Benn.
8:56 of 1st period - Shot by Jakub Voracek.
8:56 of 1st period - Stopped by Alexandar Georgiev with a rebound.
9:19 of 1st period - Jamie Benn is hit by Josh Manson and loses puck.
9:36 of 1st period - Eeli Tolvanen is hit by Jack McBain and loses puck.
10:31 of 1st period - Shot by Mathew Barzal.
10:31 of 1st period - Shot Blocked by Jack McBain.
11:57 of 1st period - Shot by Evgeni Malkin.
11:57 of 1st period - Stopped by Pavel Francouz without a rebound.
11:58 of 1st period - Brayden Point wins face-off versus Nazem Kadri in Lightning zone.
12:11 of 1st period - Shot by Brayden Point.
12:11 of 1st period - Stopped by Alexandar Georgiev with a rebound.
13:08 of 1st period - Shot by Nicolas Roy.
13:08 of 1st period - Stopped by Pavel Francouz with a rebound.
13:10 of 1st period - Shot by Nicolas Roy.
13:10 of 1st period - Shot Misses the Net.
13:34 of 1st period - Shot by Ivan Barbashev.
13:34 of 1st period - Deflect By Gabriel Vilardi.
13:34 of 1st period - Shot Blocked by Jake Sanderson.
13:36 of 1st period - Shot by Josh Manson.
13:36 of 1st period - Stopped by Pavel Francouz without a rebound.
13:37 of 1st period - Dylan Larkin wins face-off versus Morgan Geekie in Lightning zone.
13:37 of 1st period - Dawson Mercer is hit by Jan Rutta and loses puck.
13:41 of 1st period - Dylan Larkin is hit by Jan Rutta and loses puck.
14:00 of 1st period - Shot by Connor Murphy.
14:00 of 1st period - Stopped by Pavel Francouz with a rebound.
14:43 of 1st period - Evgeni Malkin is hit by Nathan Beaulieu and loses puck.
15:06 of 1st period - Icing by Nathan Beaulieu.
15:07 of 1st period - Charlie Coyle wins face-off versus Paul Cotter in Lightning zone.
15:36 of 1st period - Shot by Brayden Point.
15:36 of 1st period - Shot Misses the Net.
15:38 of 1st period - Shot by Brayden Point.
15:38 of 1st period - Shot Misses the Net.
15:40 of 1st period - Shot by Jake Sanderson.
15:40 of 1st period - Shot Misses the Net.
15:48 of 1st period - Shot by Brayden Point.
15:48 of 1st period - Shot Blocked by Ryan McDonagh.
15:52 of 1st period - Shot by Brayden Point.
15:52 of 1st period - Stopped by Alexandar Georgiev without a rebound.
15:53 of 1st period - Dylan Strome wins face-off versus Dylan Larkin in Sabres zone.
15:58 of 1st period - Shot by Dylan Strome.
15:58 of 1st period - Shot Misses the Net.
16:47 of 1st period - Andrew Peeke is hit by Dylan Larkin and loses puck.
17:08 of 1st period - Shot by Gabriel Vilardi.
17:08 of 1st period - Stopped by Pavel Francouz without a rebound.
17:09 of 1st period - Charlie Coyle wins face-off versus Tomas Nosek in Lightning zone.
17:11 of 1st period - Nathan Beaulieu is hit by Jack McBain and loses puck.
17:37 of 1st period - Nicolas Roy is hit by Owen Power and loses puck.
17:48 of 1st period - Shot by Mathew Barzal.
17:48 of 1st period - Shot Misses the Net.
18:51 of 1st period - Shot by Brayden Point.
18:51 of 1st period - Shot Misses the Net.
18:53 of 1st period - Shot by Jan Rutta.
18:53 of 1st period - Shot Misses the Net.
18:55 of 1st period - Shot by Matt Duchene.
18:55 of 1st period - Shot Misses the Net.
18:57 of 1st period - Shot by Jan Rutta.
18:57 of 1st period - Stopped by Alexandar Georgiev with a rebound.
19:03 of 1st period - Shot by Brayden Point.
19:03 of 1st period - Stopped by Alexandar Georgiev without a rebound.
19:04 of 1st period - Eeli Tolvanen wins face-off versus Evgeni Malkin in Sabres zone.
19:23 of 1st period - Shot by Eeli Tolvanen.
19:23 of 1st period - Stopped by Alexandar Georgiev without a rebound.
19:24 of 1st period - Nazem Kadri wins face-off versus Charlie Coyle in Sabres zone.
19:47 of 1st period - Josh Anderson is hit by Charlie Coyle.
Goals for this period are 1 for Sabres vs 0 for Lightning.
Shots for this period are 21 for Sabres vs 6 for Lightning.

2nd period


0:01 of 2nd period - Evgeni Malkin wins face-off versus Brayden Point in neutral zone.
0:20 of 2nd period - Shot by Evgeni Malkin.
0:20 of 2nd period - Shot Misses the Net.
0:22 of 2nd period - Shot by Kris Letang.
0:22 of 2nd period - Shot Misses the Net.
0:24 of 2nd period - Shot by Gabriel Vilardi.
0:24 of 2nd period - Shot Misses the Net.
0:26 of 2nd period - Shot by Drew Doughty.
0:26 of 2nd period - Stopped by Pavel Francouz without a rebound.
0:27 of 2nd period - Dylan Strome wins face-off versus Dylan Larkin in Lightning zone.
0:37 of 2nd period - Shot by Dylan Cozens.
0:37 of 2nd period - Stopped by Pavel Francouz without a rebound.
0:38 of 2nd period - Charlie Coyle wins face-off versus Nazem Kadri in Lightning zone.
1:09 of 2nd period - Shot by Victor Olofsson.
1:09 of 2nd period - Goal by Victor Olofsson - Sabres : 1 - Lightning : 1.
1:10 of 2nd period - Dylan Larkin wins face-off versus Brayden Point in neutral zone.
1:25 of 2nd period - Shot by Dawson Mercer.
1:25 of 2nd period - Shot Blocked by Owen Power.
1:40 of 2nd period - Icing by Ryan McDonagh.
1:41 of 2nd period - Dylan Strome wins face-off versus Dylan Larkin in Sabres zone.
2:16 of 2nd period - Shot by Nick Bjugstad.
2:16 of 2nd period - Shot Blocked by Kris Letang.
2:18 of 2nd period - Shot by Nick Bjugstad.
2:18 of 2nd period - Stopped by Alexandar Georgiev without a rebound.
2:19 of 2nd period - Brayden Point wins face-off versus Nazem Kadri in Sabres zone.
2:24 of 2nd period - Shot by Matt Duchene.
2:24 of 2nd period - Shot Misses the Net.
2:29 of 2nd period - Matt Duchene is hit by Josh Manson and loses puck.
3:16 of 2nd period - Shot by Charlie Coyle.
3:16 of 2nd period - Shot Blocked by Connor Murphy.
3:35 of 2nd period - Shot by Mathew Barzal.
3:35 of 2nd period - Deflect By Victor Olofsson.
3:35 of 2nd period - Shot Misses the Net.
3:37 of 2nd period - Shot by Victor Olofsson.
3:37 of 2nd period - Shot Misses the Net.
3:39 of 2nd period - Shot by Mathew Barzal.
3:39 of 2nd period - Goal by Mathew Barzal - Sabres : 1 - Lightning : 2.
3:40 of 2nd period - Nick Bjugstad wins face-off versus Evgeni Malkin in neutral zone.
3:42 of 2nd period - Andrew Peeke is hit by Kris Letang and loses puck.
4:03 of 2nd period - Shot by Andrew Peeke.
4:03 of 2nd period - Stopped by Alexandar Georgiev without a rebound.
4:04 of 2nd period - Dylan Larkin wins face-off versus Morgan Geekie in Sabres zone.
4:41 of 2nd period - Shot by Zach Parise.
4:41 of 2nd period - Stopped by Alexandar Georgiev with a rebound.
5:12 of 2nd period - Dylan Strome is hit by Kris Letang and loses puck.
5:32 of 2nd period - Evgeni Malkin is hit by Andrew Peeke and loses puck.
5:44 of 2nd period - Andrew Peeke is hit by Drew Doughty and loses puck.
6:20 of 2nd period - Brayden Point is hit by Connor Murphy and loses puck.
6:57 of 2nd period - Shot by Mathew Barzal.
6:57 of 2nd period - Shot Misses the Net.
7:35 of 2nd period - Shot by Dawson Mercer.
7:35 of 2nd period - Stopped by Pavel Francouz with a rebound.
7:40 of 2nd period - Off-side.
7:41 of 2nd period - Nazem Kadri wins face-off versus Morgan Geekie in neutral zone.
7:50 of 2nd period - Shot by Nazem Kadri.
7:50 of 2nd period - Shot Misses the Net.
8:12 of 2nd period - Shot by Josh Anderson.
8:12 of 2nd period - Shot Misses the Net.
8:27 of 2nd period - Minor Penalty to Ivan Barbashev for Holding.
8:28 of 2nd period - Mathew Barzal wins face-off versus Tomas Nosek in Sabres zone.
8:39 of 2nd period - Shot by Eeli Tolvanen.
8:39 of 2nd period - Shot Misses the Net.
8:45 of 2nd period - Shot by Mathew Barzal.
8:45 of 2nd period - Stopped by Alexandar Georgiev without a rebound.
8:46 of 2nd period - Dylan Strome wins face-off versus Nazem Kadri in Sabres zone.
9:09 of 2nd period - Shot by Victor Olofsson.
9:09 of 2nd period - Shot Blocked by Drew Doughty.
9:11 of 2nd period - Shot by Dylan Strome.
9:11 of 2nd period - Stopped by Alexandar Georgiev with a rebound.
9:13 of 2nd period - Shot by Dylan Strome.
9:13 of 2nd period - Goal by Dylan Strome - Sabres : 1 - Lightning : 3.
9:14 of 2nd period - Evgeni Malkin wins face-off versus Brayden Point in neutral zone.
9:16 of 2nd period - Off-side.
9:17 of 2nd period - Evgeni Malkin wins face-off versus Dylan Strome in neutral zone.
9:52 of 2nd period - Shot by Evgeni Malkin.
9:52 of 2nd period - Stopped by Pavel Francouz with a rebound.
9:54 of 2nd period - Shot by Kris Letang.
9:54 of 2nd period - Shot Misses the Net.
10:05 of 2nd period - Icing by Jake Sanderson.
10:06 of 2nd period - Dylan Larkin wins face-off versus Eeli Tolvanen in Lightning zone.
10:36 of 2nd period - Brayden Point is hit by Josh Manson and loses puck.
11:13 of 2nd period - Shot by Nazem Kadri.
11:13 of 2nd period - Shot Misses the Net.
11:25 of 2nd period - Shot by Mathew Barzal.
11:25 of 2nd period - Shot Misses the Net.
11:28 of 2nd period - Charlie Coyle is hit by Kris Letang and loses puck.
11:30 of 2nd period - Minor Penalty to Kris Letang for Hooking.
11:31 of 2nd period - Mathew Barzal wins face-off versus Nicolas Roy in Sabres zone.
11:42 of 2nd period - Shot by Mathew Barzal.
11:42 of 2nd period - Shot Blocked by Ryan McDonagh.
11:44 of 2nd period - Shot by Jakub Voracek.
11:44 of 2nd period - Stopped by Alexandar Georgiev without a rebound.
11:45 of 2nd period - Tomas Nosek wins face-off versus Dylan Strome in Sabres zone.
12:10 of 2nd period - Shot by Eeli Tolvanen.
12:10 of 2nd period - Shot Misses the Net.
12:45 of 2nd period - Shot by Owen Power.
12:45 of 2nd period - Shot Misses the Net.
12:47 of 2nd period - Shot by Jamie Benn.
12:47 of 2nd period - Shot Blocked by Connor Murphy.
12:51 of 2nd period - Shot by Brayden Point.
12:51 of 2nd period - Goal by Brayden Point - Sabres : 1 - Lightning : 4.
12:52 of 2nd period - Evgeni Malkin wins face-off versus Morgan Geekie in neutral zone.
13:18 of 2nd period - Shot by Kris Letang.
13:18 of 2nd period - Shot Misses the Net.
13:20 of 2nd period - Shot by Ivan Barbashev.
13:20 of 2nd period - Stopped by Pavel Francouz without a rebound.
13:21 of 2nd period - Dylan Strome wins face-off versus Dylan Larkin in Lightning zone.
14:21 of 2nd period - Shot by Josh Anderson.
14:21 of 2nd period - Shot Blocked by Matt Duchene.
14:23 of 2nd period - Shot by Josh Anderson.
14:23 of 2nd period - Stopped by Pavel Francouz with a rebound.
15:49 of 2nd period - Shot by Victor Olofsson.
15:49 of 2nd period - Shot Misses the Net.
15:51 of 2nd period - Shot by Andrew Peeke.
15:51 of 2nd period - Shot Misses the Net.
16:08 of 2nd period - Icing by Marcus Pettersson.
16:09 of 2nd period - Dylan Larkin wins face-off versus Morgan Geekie in Lightning zone.
16:26 of 2nd period - Shot by Dylan Larkin.
16:26 of 2nd period - Stopped by Pavel Francouz without a rebound.
16:27 of 2nd period - Nazem Kadri wins face-off versus Dylan Strome in Lightning zone.
16:36 of 2nd period - Ryan McDonagh is hit by Nick Bjugstad and loses puck.
17:16 of 2nd period - Owen Power is hit by Dylan Cozens and loses puck.
17:33 of 2nd period - Shot by Jamie Benn.
17:33 of 2nd period - Shot Blocked by Kris Letang.
17:35 of 2nd period - Shot by Jan Rutta.
17:35 of 2nd period - Stopped by Alexandar Georgiev with a rebound.
17:37 of 2nd period - Shot by Brayden Point.
17:37 of 2nd period - Shot Misses the Net.
17:39 of 2nd period - Shot by Jan Rutta.
17:39 of 2nd period - Stopped by Alexandar Georgiev with a rebound.
17:57 of 2nd period - Jamie Benn is hit by Kris Letang.
18:41 of 2nd period - Jake Sanderson is hit by Jack McBain and loses puck.
19:15 of 2nd period - Icing by Evgeni Malkin.
19:16 of 2nd period - Morgan Geekie wins face-off versus Evgeni Malkin in Sabres zone.
19:17 of 2nd period - Shot by Zach Parise.
19:17 of 2nd period - Stopped by Alexandar Georgiev without a rebound.
19:18 of 2nd period - Morgan Geekie wins face-off versus Gabriel Vilardi in Sabres zone.
Goals for this period are 0 for Sabres vs 4 for Lightning.
Shots for this period are 7 for Sabres vs 13 for Lightning.

3rd period


0:01 of 3rd period - Dylan Larkin wins face-off versus Brayden Point in neutral zone.
0:21 of 3rd period - Shot by Dylan Cozens.
0:21 of 3rd period - Shot Misses the Net.
0:29 of 3rd period - Shot by Brayden Point.
0:29 of 3rd period - Shot Misses the Net.
0:31 of 3rd period - Shot by Jamie Benn.
0:31 of 3rd period - Stopped by Alexandar Georgiev without a rebound.
0:32 of 3rd period - Evgeni Malkin wins face-off versus Mathew Barzal in Sabres zone.
0:49 of 3rd period - Shot by Mathew Barzal.
0:49 of 3rd period - Stopped by Alexandar Georgiev with a rebound.
1:36 of 3rd period - Eeli Tolvanen is hit by Connor Murphy and loses puck.
2:00 of 3rd period - Shot by Nick Bjugstad.
2:00 of 3rd period - Stopped by Alexandar Georgiev without a rebound.
2:01 of 3rd period - Brayden Point wins face-off versus Dawson Mercer in Sabres zone.
3:36 of 3rd period - Josh Anderson is hit by Marcus Pettersson and loses puck.
3:40 of 3rd period - Icing by Marcus Pettersson.
3:41 of 3rd period - Evgeni Malkin wins face-off versus Charlie Coyle in Lightning zone.
3:54 of 3rd period - Shot by Ivan Barbashev.
3:54 of 3rd period - Stopped by Pavel Francouz without a rebound.
3:55 of 3rd period - Tomas Nosek wins face-off versus Dylan Strome in Lightning zone.
4:30 of 3rd period - Shot by Nicolas Roy.
4:30 of 3rd period - Stopped by Pavel Francouz with a rebound.
5:00 of 3rd period - Shot by Ivan Barbashev.
5:00 of 3rd period - Stopped by Pavel Francouz without a rebound.
5:01 of 3rd period - Brayden Point wins face-off versus Nazem Kadri in Lightning zone.
6:21 of 3rd period - Shot by Mathew Barzal.
6:21 of 3rd period - Shot Blocked by Connor Murphy.
6:31 of 3rd period - Shot by Dylan Larkin.
6:31 of 3rd period - Shot Misses the Net.
7:04 of 3rd period - Morgan Geekie is hit by Evgeni Malkin and loses puck.
7:25 of 3rd period - Shot by Gabriel Vilardi.
7:25 of 3rd period - Shot Misses the Net.
7:27 of 3rd period - Shot by Kris Letang.
7:27 of 3rd period - Goal by Kris Letang - Sabres : 2 - Lightning : 4.
7:28 of 3rd period - Tomas Nosek wins face-off versus Brayden Point in neutral zone.
7:37 of 3rd period - Shot by Nicolas Roy.
7:37 of 3rd period - Stopped by Pavel Francouz without a rebound.
7:38 of 3rd period - Tomas Nosek wins face-off versus Dylan Strome in Lightning zone.
8:55 of 3rd period - Icing by Dylan Larkin.
8:56 of 3rd period - Dylan Larkin wins face-off versus Brayden Point in Sabres zone.
9:24 of 3rd period - Evgeni Malkin is hit by Nathan Beaulieu and loses puck.
9:46 of 3rd period - Shot by Gabriel Vilardi.
9:46 of 3rd period - Shot Misses the Net.
9:48 of 3rd period - Shot by Ivan Barbashev.
9:48 of 3rd period - Stopped by Pavel Francouz without a rebound.
9:49 of 3rd period - Nazem Kadri wins face-off versus Charlie Coyle in Lightning zone.
10:00 of 3rd period - Icing by Drew Doughty.
10:01 of 3rd period - Morgan Geekie wins face-off versus Nazem Kadri in Sabres zone.
10:01 of 3rd period - Jake Sanderson is hit by Drew Doughty and loses puck.
10:14 of 3rd period - Shot by Morgan Geekie.
10:14 of 3rd period - Stopped by Alexandar Georgiev with a rebound.
10:16 of 3rd period - Shot by Andrew Peeke.
10:16 of 3rd period - Stopped by Alexandar Georgiev without a rebound.
10:17 of 3rd period - Evgeni Malkin wins face-off versus Charlie Coyle in Sabres zone.
10:41 of 3rd period - Icing by Marcus Pettersson.
10:42 of 3rd period - Dylan Larkin wins face-off versus Charlie Coyle in Lightning zone.
10:45 of 3rd period - Shot by Dylan Larkin.
10:45 of 3rd period - Deflect By Dawson Mercer.
10:45 of 3rd period - Stopped by Pavel Francouz without a rebound.
10:46 of 3rd period - Brayden Point wins face-off versus Dylan Larkin in Lightning zone.
11:00 of 3rd period - Icing by Drew Doughty.
11:01 of 3rd period - Dylan Larkin wins face-off versus Charlie Coyle in Sabres zone.
11:16 of 3rd period - Shot by Dylan Cozens.
11:16 of 3rd period - Shot Misses the Net.
11:18 of 3rd period - Shot by Dawson Mercer.
11:18 of 3rd period - Shot Misses the Net.
11:22 of 3rd period - Shot by Dawson Mercer.
11:22 of 3rd period - Stopped by Pavel Francouz without a rebound.
11:23 of 3rd period - Brayden Point wins face-off versus Evgeni Malkin in Lightning zone.
11:23 of 3rd period - Brayden Point is hit by Ivan Barbashev.
11:39 of 3rd period - Shot by Evan Bouchard.
11:39 of 3rd period - Stopped by Pavel Francouz without a rebound.
11:40 of 3rd period - Nazem Kadri wins face-off versus Morgan Geekie in Lightning zone.
11:43 of 3rd period - Shot by Josh Manson.
11:43 of 3rd period - Stopped by Pavel Francouz without a rebound.
11:44 of 3rd period - Brayden Point wins face-off versus Nazem Kadri in Lightning zone.
11:48 of 3rd period - Brayden Point is hit by Paul Cotter and loses puck.
12:03 of 3rd period - Shot by Nazem Kadri.
12:03 of 3rd period - Stopped by Pavel Francouz without a rebound.
12:04 of 3rd period - Morgan Geekie wins face-off versus Evgeni Malkin in Lightning zone.
12:04 of 3rd period - Jakub Voracek is hit by Gabriel Vilardi.
12:16 of 3rd period - Shot by Gabriel Vilardi.
12:16 of 3rd period - Stopped by Pavel Francouz without a rebound.
12:17 of 3rd period - Dylan Larkin wins face-off versus Victor Olofsson in Lightning zone.
12:17 of 3rd period - Dawson Mercer is hit by Owen Power and loses puck.
12:28 of 3rd period - Shot by Dylan Cozens.
12:28 of 3rd period - Shot Blocked by Charlie Coyle.
13:16 of 3rd period - Minor Penalty to Evgeni Malkin for Tripping.
13:17 of 3rd period - Tomas Nosek wins face-off versus Mathew Barzal in Sabres zone.
13:35 of 3rd period - Shot by Jamie Benn.
13:35 of 3rd period - Stopped by Alexandar Georgiev with a rebound.
13:37 of 3rd period - Shot by Jamie Benn.
13:37 of 3rd period - Shot Blocked by Connor Murphy.
13:39 of 3rd period - Shot by Brayden Point.
13:39 of 3rd period - Shot Misses the Net.
15:12 of 3rd period - Icing by Nick Bjugstad.
15:13 of 3rd period - Tomas Nosek wins face-off versus Nick Bjugstad in Lightning zone.
15:19 of 3rd period - Nicolas Roy is hit by Jake Sanderson and loses puck.
15:29 of 3rd period - Jakub Voracek is hit by Ivan Barbashev.
16:14 of 3rd period - Icing by Nathan Beaulieu.
16:15 of 3rd period - Charlie Coyle wins face-off versus Nazem Kadri in Lightning zone.
16:15 of 3rd period - Charlie Coyle is hit by Paul Cotter.
16:24 of 3rd period - Drew Doughty is hit by Owen Power.
16:38 of 3rd period - Shot by Nazem Kadri.
16:38 of 3rd period - Shot Misses the Net.
16:40 of 3rd period - Shot by Kris Letang.
16:40 of 3rd period - Stopped by Pavel Francouz without a rebound.
16:41 of 3rd period - Dylan Larkin wins face-off versus Dylan Strome in Lightning zone.
16:50 of 3rd period - Shot by Eeli Tolvanen.
16:50 of 3rd period - Shot Misses the Net.
16:52 of 3rd period - Shot by Eeli Tolvanen.
16:52 of 3rd period - Shot Misses the Net.
16:54 of 3rd period - Shot by Nick Bjugstad.
16:54 of 3rd period - Shot Misses the Net.
16:56 of 3rd period - Shot by Marcus Pettersson.
16:56 of 3rd period - Shot Misses the Net.
17:12 of 3rd period - Marcus Pettersson is hit by Dawson Mercer and loses puck.
18:22 of 3rd period - Shot by Paul Cotter.
18:22 of 3rd period - Stopped by Pavel Francouz with a rebound.
18:24 of 3rd period - Shot by Ryan McDonagh.
18:24 of 3rd period - Shot Misses the Net.
18:35 of 3rd period - Icing by Kris Letang.
18:36 of 3rd period - Morgan Geekie wins face-off versus Evgeni Malkin in Sabres zone.
18:40 of 3rd period - Jakub Voracek is hit by Drew Doughty and loses puck.
18:56 of 3rd period - Minor Penalty to Evgeni Malkin for Hooking.
18:57 of 3rd period - Tomas Nosek wins face-off versus Dylan Strome in Sabres zone.
19:15 of 3rd period - Off-side.
19:16 of 3rd period - Nazem Kadri wins face-off versus Mathew Barzal in neutral zone.
19:37 of 3rd period - Shot by Brayden Point.
19:37 of 3rd period - Stopped by Alexandar Georgiev without a rebound.
19:38 of 3rd period - Dylan Strome wins face-off versus Nazem Kadri in Sabres zone.
19:51 of 3rd period - Shot by Victor Olofsson.
19:51 of 3rd period - Stopped by Alexandar Georgiev without a rebound.
19:52 of 3rd period - Tomas Nosek wins face-off versus Dylan Strome in Sabres zone.
Goals for this period are 1 for Sabres vs 0 for Lightning.
Shots for this period are 14 for Sabres vs 8 for Lightning.